 Dungeon Crawl Stone Soup version 0.24-a0-201-gf205589 (webtiles) character file.

Game seed: 12038013356147952930

42 Borgoz the Bolt Thrower (level 3, 0/22 HPs)
             Began as a Kobold Hunter on Mar 24, 2019.
             Slain by a jackal (2 damage)
             ... on level 2 of the Dungeon.
             The game lasted 00:02:13 (1418 turns).

Borgoz the Bolt Thrower (Kobold Hunter)             Turns: 1418, Time: 00:02:14

Health: 0/22       AC:  3    Str: 10    XL:     3   Next: 80%
Magic:  3/3        EV: 15    Int: 12    God:
Gold:   73         SH:  0    Dex: 15    Spells: 2/2 levels left

rFire    . . .     SeeInvis .   b - +0 short sword
rCold    . . .     Gourm    .   (shield restricted)
rNeg     . . .     Faith    .   c - +0 leather armour
rPois    .         Spirit   .   (no helmet)
rElec    .         Reflect  .   (no cloak)
rCorr    .         Harm     .   (no gloves)
MR       .....                  (no boots)
Stlth    ++........             (no amulet)
HPRegen  0.07/turn              (no ring)
MPRegen  0.08/turn              (no ring)

@: no status effects
A: small, carnivore
a: no special abilities


You were on level 2 of the Dungeon.
You were completely stuffed.

You visited 1 branch of the dungeon, and saw 2 of its levels.

You collected 73 gold pieces.

Inventory:

Hand Weapons
 a - a +1 hand crossbow
 b - a +0 short sword (weapon)
Missiles
 d - 20 bolts
Armour
 c - a +0 leather armour (worn)
Scrolls
 e - a scroll of noise
Comestibles
 f - 3 rations
 j - 2 chunks of flesh


   Skills:
 + Level 2.4 Fighting
 * Level 2.0 Short Blades
 - Level 4.8 Crossbows
 * Level 1.2 Armour
 + Level 2.7 Dodging
 + Level 2.1 Stealth


You had 2 spell levels left.
You didn't know any spells.
Your spell library was empty.

Dungeon Overview and Level Annotations

Branches:
Dungeon (2/15)

Altars:

Annotations:
D:2 Natasha, Terence


Innate Abilities, Weirdness & Mutations

You are small and have problems with some larger weapons.
You are carnivorous and can eat meat at any time.


Message History

An iguana and Natasha come into view.
The iguana hisses angrily.
A jackal comes into view.
The quokka misses you.
Found 28 stones.
Natasha casts a spell.
The quokka closely misses you. The quokka closely misses you.
Natasha wildly gestures.
Natasha's front paws start to glow.
Natasha howls an incantation.
Natasha glows brightly for a moment.
The quokka misses you.
You see here 28 stones.
Natasha casts a spell.
The jackal misses you.
The quokka twitches its whiskers.
Found a stone staircase leading down.
The jackal bites you.
You die...

,*,.....,,,,,,,,*,* *,********,*
*##....#####.##.*.# *.# *,*
,...............#.####.#*******,*
,,..................>..,,,,,,,,,,
,,......#**#.........#,********,*
**#.....# #.........#,*,,,,,,,,,
###...#.# #.........#,*****,**,*
........# #.........#,* *,*,,,
###...### #...h@....#,*****,*,,*
.<#...# #...r.....#,,,,,,,,,,,
###...#######@.......#*********,*
# #........h............,,,,,,*,*
# #........5h......#####*,,**,*,*
#*#.################* *,,**,*,*
,....,,,,* *,,,,,,,,* *,,,,,,,,
#...#***,***,******,*****,,,*,*,*
....* *,,,,,,,,,,,,,,,,,,,,*,*,*


You could see Terence (inner flame), Natasha, a white imp, a quokka (inner
flame) and 2 jackals.

Vanquished Creatures
  An ooze (D:1)
  A dart slug (D:1)
  4 leopard geckos (D:1)
  6 bats (D:1)
  3 goblins (D:1)
  2 hobgoblins (D:1)
  4 jackals (D:1)
  A frilled lizard (D:1)
  A kobold (D:1)
  9 rats (D:1)
32 creatures vanquished.

Notes
Turn   | Place    | Note
-------+----------+-------------------------------------------
     0 | D:1      | Borgoz the Kobold Hunter began the quest for the Orb.
     0 | D:1      | Reached XP level 1. HP: 12/12 MP: 1/1
   101 | D:1      | Reached XP level 2. HP: 15/17 MP: 2/2
   115 | D:1      | Reached skill level 1 in Short Blades
   400 | D:1      | Reached XP level 3. HP: 13/22 MP: 3/3
   596 | D:1      | Reached skill level 1 in Armour
  1382 | D:2      | Noticed Terence
  1399 | D:2      | HP: 1/22 [quokka (1)]
  1403 | D:2      | Noticed Natasha
  1418 | D:2      | Slain by a jackal

Levels and vault maps discovered:
D:1:      onia_arrival_mini_maze, layout_rooms
D:2:      layout_basic, uniq_natasha, uniq_terence

Skill      XL: |  1  2  3 |
---------------+----------+-----
Short Blades   | 1 2 |  2.0
Stealth        | 2 |  2.1
Armour         | 1 |  1.2
Fighting       | |  2.4
Crossbows      | |  4.8
Dodging        | |  2.7

Action                   || total
-------------------------++-------
Melee: Short sword       ||   150
 Fire: Hand crossbow     ||     3
  Use: Scroll            ||     4
 Stab: Sleeping          ||     2
  Eat: Chunk             ||    10
Armor: Leather armour    ||    40
Dodge: Dodged            ||   159

Table legend:
 A = Non-vault XP
 B = Vault XP
 C = Vault XP percentage of total XP
 D = Non-vault monster count
 E = Vault monster count
 F = Vault count percentage of total count
                 A         B        C        D         E       F
            +---------+---------+-------+---------+---------+-------
      Total |      60 |       1 |   1.6 |      31 |       1 |   3.1
            +---------+---------+-------+---------+---------+-------
        D:1 |      60 |       1 |   1.6 |      31 |       1 |   3.1
            +---------+---------+-------+---------+---------+-------
